 Dungeon Crawl Stone Soup version 0.14-a0-1297-g3d87a2a (webtiles) character file.

338 Chiseanne the Firebug (level 5, -1/41 HPs)
             Began as a Draconian Fire Elementalist on Dec 4, 2013.
             Killed by divine providence
             ... invoked by an orc priest
              (11 damage)
             ... on Level 4 of the Dungeon.
             The game lasted 00:14:45 (4104 turns).

Chiseanne the Firebug (Draconian Fire Elementalist) Turns: 4104, Time: 00:14:46

HP  -1/41        AC  5     Str 10      XL: 5   Next: 75%
MP   3/10        EV 14     Int 16      God:
Gold 104         SH  9     Dex 12      Spells:  4 memorised,  0 levels left

rFire  + . .     SeeInvis .     v - +2,+1 short sword (venom)
rCold  x . .     Clarity  .     (armour unavailable)
rNeg   . . .     Conserve +     w - +1 buckler
rPois  .         rCorr    .     (helmet restricted)
rElec  .         rRot     .     (no cloak)
SustAb . .       Spirit   .     (no gloves)
rMut   .         Warding  .     (no boots)
Saprov . . .     Stasis   .     m - amulet of conservation
                                o - +2 ring of evasion
                                s - ring of fire

@: slightly resistant to hostile enchantments, unstealthy
A: unfitting armour, AC +5
a: no special abilities


You were on level 4 of the Dungeon.
You were hungry.

You visited 1 branch of the dungeon, and saw 4 of its levels.

You collected 104 gold pieces.

Inventory:

Hand weapons
 d - a +1,+3 elven dagger of venom
 e - a cursed -1,-1 orcish trident
 v - a +2,+1 short sword of venom (weapon)
Missiles
 f - 5 poisoned darts (quivered)
Armour
 w - a +1 buckler (worn)
Comestibles
 c - 3 bread rations
 h - 3 meat rations
 i - a choko
 k - a banana
 n - an apricot
 q - a pear
Scrolls
 a - a scroll of immolation {unknown}
 g - 2 scrolls of fear
 t - 4 scrolls of identify
Jewellery
 m - an amulet of conservation (around neck)
 o - a +2 ring of evasion (right hand)
 s - a ring of fire (left hand)
Potions
 j - a potion of curing
 l - a potion of restore abilities
 u - a potion of resistance
Books
 b - a book of Flames

   Spells                             Type                      Level
   *Flame Tongue                      Conjuration/Fire             1
   *Throw Flame                       Conjuration/Fire             2
   *Conjure Flame                     Conjuration/Fire             3
   *Inner Flame                       Hexes/Fire                   3
   Sticky Flame                       Conjuration/Fire             4
   Fireball                           Conjuration/Fire             5


   Skills:
 * Level 1.6 Fighting
 * Level 3.2 Dodging
 - Level 1.7 Stealth
 * Level 1.4 Shields
 * Level 2.9 Spellcasting
 * Level 2.0 Conjurations
 * Level 4.1 Fire Magic


You couldn't memorise any spells.
You knew the following spells:

 Your Spells              Type           Power        Failure   Level  Hunger
a - Flame Tongue          Conj/Fire      ###..        8%          1    #......
b - Throw Flame           Conj/Fire      ###...       10%         2    ##.....
c - Conjure Flame         Conj/Fire      ###.....     17%         3    ###....
d - Inner Flame           Hex/Fire       ##......     28%         3    ###....


Dungeon Overview and Level Annotations

Branches:
Dungeon (4/16)
 Temple: D:4-7

Altars:
Okawaru


Message History

Confirm with . or Enter, or press ? or * to list all spells.
Aiming: Throw Flame
Press: ? - help, Shift-Dir - straight line, f/p - orc
Aim: an orc, wielding an orcish club and wearing an orcish leather armour (severely wounded)
You feel a surge of power!
The puff of flame hits the orc.
You kill the orc!
The orc throws a tomahawk.
The tomahawk hits you!
The orc priest mumbles some strange prayers to Beogh against you.
Something smites you!
* * * LOW HITPOINT WARNING * * *
Casting: Throw Flame
Confirm with . or Enter, or press ? or * to list all spells.
Aiming: Throw Flame
Press: ? - help, Shift-Dir - straight line, f - orc
Aim: an orc, wielding an orcish flail and wearing an orcish scale mail You feel a surge of power!
The puff of flame hits the orc.
The orc appears unharmed.
The orc priest calls down the wrath of Beogh upon you.
Something smites you!
You die...

#.......... ..# #.<..# #.#
#.##.# #.# #.
#.#########.########## ..
.....................# ##.
#.#########.########.# #. #.#
#.# ##.##
..##.##.#########.#######...#
.........oo..o..@......(....#
..##.##.#########.####%###..#
#...........##.###≈.≈.#..#
#........... #>##(≈.≈##..#
#.......)... #.###≈(≈.#..#
#.<...).o... #.##.≈.≈##..#
#.....?.... #.###≈.≈.#..#
#......ooo #.##.≈.≈#####
#........ #.####_##


You could see an orc priest and 2 orcs.

Vanquished Creatures
  An orc priest (D:4)
  A worker ant (D:4)
  Jessica (D:3)
  6 adders
  A gnoll (D:4)
  A giant mite (D:1)
  2 worms
  4 giant geckos
  10 orcs
  10 bats
  A giant cockroach (D:3)
  6 goblins
  11 hobgoblins
  10 kobolds
  A quokka (D:3)
  A ball python (D:3)
  9 rats
76 creatures vanquished.

Notes
Turn   | Place    | Note
--------------------------------------------------------------
     0 | D:1      | Chiseanne, the Draconian Fire Elementalist, began the quest for the Orb.
     0 | D:1      | Reached XP level 1. HP: 14/14 MP: 3/3
   272 | D:1      | Reached XP level 2. HP: 20/20 MP: 2/4
   292 | D:1      | Learned a level 2 spell: Throw Flame
   430 | D:1      | HP: 1/22 [poisoned by a giant mite]
  1113 | D:2      | Reached XP level 3. HP: 27/27 MP: 1/6
  1166 | D:2      | Learned a level 3 spell: Conjure Flame
  2384 | D:3      | Reached skill level 1 in Fighting
  2457 | D:3      | Reached XP level 4. HP: 35/35 MP: 1/8
  2804 | D:3      | Noticed Jessica
  2811 | D:3      | Killed Jessica
  2881 | D:3      | Reached skill level 4 in Fire Magic
  2978 | D:3      | Reached skill level 1 in Shields
  3256 | D:3      | Reached XP level 5. HP: 36/40 MP: 9/9
  3552 | D:3      | HP: 2/40 [orc/orcish hand axe (3)]
  3953 | D:4      | Learned a level 3 spell: Inner Flame
  3994 | D:4      | Found an iron altar of Okawaru.
  4104 | D:4      | Killed from afar by an orc priest

Action                   |  1- 3 |  4- 6 || total
-------------------------+-------+-------++-------
Melee: Hand axe          |    75 |       ||    75
       Short sword       |       |    60 ||    60
 Cast: Flame Tongue      |    37 |    25 ||    62
       Throw Flame       |    10 |    18 ||    28
  Use: Scroll            |     6 |     4 ||    10
       Potion            |     2 |    12 ||    14
 Stab: Sleeping          |       |     1 ||     1
